 Dungeon Crawl Stone Soup version 0.20-a0-299-gec7c366 (webtiles) character file.

871 tboon the Chopper (level 8, -1/64 HPs)
             Began as a Formicid Fighter on Dec 15, 2016.
             Slain by HitlerSphincter's ghost (10 damage)
             ... on level 8 of the Dungeon.
             The game lasted 00:15:19 (4890 turns).

tboon the Chopper (Formicid Fighter)                Turns: 4890, Time: 00:15:20

Health: -1/64      AC:  9    Str: 26    XL:     8   Next: 24%
Magic:  8/8        EV:  9    Int:  8    God:
Gold:   266        SH: 11    Dex: 12    Spells: 7/7 levels left

rFire  . . .     SeeInvis +     a - +0 war axe
rCold  . . .     Gourm    .     b - +0 scale mail
rNeg   . . .     Faith    .     c - +0 shield
rPois  .         Spirit   .     (helmet unavailable)
rElec  .         Reflect  .     (no cloak)
rCorr  .         Harm     .     x - +0 pair of gloves (curse)
MR     .....                    o - +0 pair of boots
Stlth  ..........               (no amulet)
                                (no ring)
                                (no ring)

@: mighty
A: permanent stasis, dig shafts and tunnels, four strong arms, antennae 3
a: Dig, Shaft Self


You were on level 8 of the Dungeon.
You were not hungry.

You visited 2 branches of the dungeon, and saw 7 of its levels.

You collected 266 gold pieces.

Inventory:

Hand Weapons
 a - a +0 war axe (weapon)
 i - a +0 mace of draining
   (You found it on level 5 of the Dungeon)
Missiles
 y - 8 curare-tipped needles
Armour
 b - a +0 scale mail (worn)
 c - a +0 shield (worn)
 o - a +0 pair of boots (worn)
   (You found it on level 4 of the Dungeon)
 x - a cursed +0 pair of gloves (worn)
   (You found it on level 4 of the Dungeon)
Jewellery
 u - an uncursed amulet of the gourmand {unknown}
   (You found it on level 4 of the Dungeon)
Wands
 n - a wand of iceblast (6/15)
   (You found it on level 2 of the Dungeon)
Scrolls
 j - a scroll of enchant weapon {unknown}
 k - a scroll of fear
 m - 4 scrolls of teleportation {unknown}
 p - a scroll of fog {unknown}
 q - a scroll of remove curse
 r - a scroll of magic mapping {unknown}
 s - 3 scrolls of amnesia
 t - 2 scrolls of random uselessness {unknown}
 v - 2 scrolls of enchant armour {unknown}
Potions
 e - a potion of heal wounds
 g - a potion of agility
 h - 3 potions of curing
Comestibles
 f - 5 bread rations
 l - 2 meat rations
 w - 3 beef jerkies
 z - 6 fruits


   Skills:
 + Level 5.9 Fighting
 * Level 6.4 Axes
 - Level 3.2 Armour
 + Level 6.4 Shields


You had 7 spell levels left.
You didn't know any spells.

Dungeon Overview and Level Annotations

Branches:
Dungeon (5/15)             Temple (1/1) D:4

Altars:
Ashenzari
Cheibriados
Dithmenos
Elyvilon
Fedhas
Gozag
Hepliaklqana
Kikubaaqudgha
Qazlal
Sif Muna
Trog
Uskayaw
Vehumet
Xom
Yredelemnul
Zin
The Shining One

Annotations:
D:5 1 runed door
D:8 HitlerSphincter's ghost, novice OpMo


Innate Abilities, Weirdness & Mutations

You cannot be hasted, slowed, berserked, paralysed or teleported.
You can dig through walls and to a lower floor.
Your four strong arms can wield two-handed weapons with a shield.
You have a pair of large antennae on your head. (SInv)


Message History

A giant cockroach comes into view.
Your shield and scale mail prevent you from hitting the orc.
The giant cockroach moves out of view.
You block the orc's attack.
You barely miss the orc. You block the orc's attack.
You hit the orc but do no damage. The orc hits you with a short sword.
The orc hits you but does no damage.
You closely miss the orc. You block the orc's attack.
You barely miss the orc. The orc hits you but does no damage.
You hit the orc.
The orc is moderately wounded.
You block the orc's attack.
You completely miss the orc.
The orc is moderately wounded.
The orc closely misses you.
You closely miss the orc.
The orc is moderately wounded.
The orc hits you with a short sword.
The giant cockroach waves its antennae.
You hit the orc.
The orc is severely wounded.
You block the orc's attack. x2
You hit the orc.
The orc is severely wounded.
The orc hits you but does no damage.
You hit the orc.
You kill the orc!
You slash the giant cockroach!
You kill the giant cockroach!
No target in view!
No target in view!
You see here a short sword.
Found a stone staircase leading up.
Found a stone staircase leading down.
You now have 266 gold pieces (gained 9).
m - 4 scrolls labeled TUINAA LOET (gained 3)
You are feeling hungry.
Found a shadowy altar of Dithmenos.
v - 2 scrolls labeled ZIPLAB FUJOFELE (gained 1) As you open the door, it creaks loudly!
Found a hide-covered altar of Uskayaw.
You sense a monster nearby.
A frilled lizard comes into view.
The frilled lizard hisses angrily.
The frilled lizard bites you.
You closely miss the frilled lizard. The frilled lizard closely misses you.
You miss the frilled lizard. The frilled lizard closely misses you.
You slash the frilled lizard!
You kill the frilled lizard!
No target in view!
No target in view!
You see here a frilled lizard corpse.
You butcher the frilled lizard corpse.
A - a chunk of flesh Eating a chunk of flesh.
You start eating the chunk of flesh.
This raw flesh tastes terrible.
You fall through a shaft for 3 floors!
The shaft crumbles and collapses.
HitlerSphincter's ghost (novice Octopode Monk) comes into view.
HitlerSphincter's ghost turns its malevolent gaze towards you.
You see here a ring mail.
You see here 3 fruits.
z - 6 fruits (gained 3) HitlerSphincter's ghost lets out a mournful wail.
You feel very mighty all of a sudden. HitlerSphincter's ghost hits you!
You closely miss HitlerSphincter's ghost.
HitlerSphincter's ghost hits you.
You miss HitlerSphincter's ghost. HitlerSphincter's ghost hits you!
You miss HitlerSphincter's ghost.
You block HitlerSphincter's ghost's attack.
You slash HitlerSphincter's ghost!
HitlerSphincter's ghost is lightly damaged.
HitlerSphincter's ghost hits you.
You completely miss HitlerSphincter's ghost.
HitlerSphincter's ghost is lightly damaged.
HitlerSphincter's ghost hits you but does no damage.
HitlerSphincter's ghost closely misses you.
You completely miss HitlerSphincter's ghost.
HitlerSphincter's ghost is lightly damaged.
HitlerSphincter's ghost hits you but does no damage.
You barely miss HitlerSphincter's ghost.
HitlerSphincter's ghost is lightly damaged.
HitlerSphincter's ghost hits you!
You slash HitlerSphincter's ghost!
HitlerSphincter's ghost is moderately damaged.
HitlerSphincter's ghost hits you but does no damage.
You slash HitlerSphincter's ghost!
HitlerSphincter's ghost is heavily damaged.
HitlerSphincter's ghost hits you but does no damage.
You hit HitlerSphincter's ghost.
HitlerSphincter's ghost is heavily damaged.
HitlerSphincter's ghost hits you!
* * * LOW HITPOINT WARNING * * *
You closely miss HitlerSphincter's ghost.
HitlerSphincter's ghost is heavily damaged.
You block HitlerSphincter's ghost's attack. x2
You closely miss HitlerSphincter's ghost.
HitlerSphincter's ghost is heavily damaged.
HitlerSphincter's ghost hits you!
You die...

#.#.#######
#.........#
#.........#
#.........#
##.........###..
#..............
#..........#
#..W.....[.####
#.@#.#####....###
#..#..............
#..#######(...####
#..# ###### #..#
#..# .... #...


You could see HitlerSphincter's ghost.

Vanquished Creatures
  Sigmund (D:3)
  A phantom (D:4)
  A centaur (D:5)
  An ogre (D:5)
  A hound (D:4)
  A centaur skeleton (D:4)
  A bullfrog skeleton (D:4)
  An iguana (D:5)
  Ijyb (D:3)
  A worker ant (D:4)
  Natasha (thrice) (D:3)
  Robin (D:3)
  A worker ant zombie (D:5)
  4 gnolls (D:4)
  5 adders
  2 oozes
  An adder skeleton (D:4)
  A worm (D:3)
  3 dart slugs
  7 leopard geckos
  2 orcs
  5 bats
  4 giant cockroaches
  20 goblins
  10 hobgoblins
  11 jackals
  A quokka (D:3)
  6 frilled lizards
  A jackal skeleton (D:4)
  4 kobolds
  5 rats
107 creatures vanquished.

Vanquished Creatures (others)
  4 toadstools (D:1)
4 creatures vanquished.

Grand Total: 111 creatures vanquished

Notes
Turn   | Place    | Note
-------+----------+-------------------------------------------
     0 | D:1      | tboon the Formicid Fighter began the quest for the Orb.
     0 | D:1      | Reached XP level 1. HP: 18/18 MP: 1/1
    22 | D:1      | Reached XP level 2. HP: 20/24 MP: 2/2
    97 | D:1      | Reached XP level 3. HP: 13/30 MP: 3/3
   440 | D:1      | Reached skill level 4 in Shields
   664 | D:2      | Reached skill level 3 in Axes
   664 | D:2      | Reached XP level 4. HP: 11/37 MP: 4/4
   665 | D:2      | HP: 9/37 [poisoned by an adder]
   672 | D:1      | HP: 7/37 [poisoned by an adder]
   679 | D:1      | HP: 6/37 [poisoned by an adder]
   687 | D:1      | HP: 5/37 [poisoned by an adder]
  1344 | D:2      | Reached skill level 4 in Fighting
  1905 | D:3      | Noticed Ijyb
  1930 | D:3      | Killed Ijyb
  1930 | D:3      | Reached XP level 5. HP: 22/42 MP: 5/5
  2112 | D:3      | Noticed Natasha
  2127 | D:3      | Killed Natasha
  2150 | D:3      | Noticed Natasha
  2161 | D:3      | Killed Natasha
  2161 | D:3      | Reached skill level 4 in Axes
  2215 | D:3      | Noticed Robin
  2248 | D:3      | Reached XP level 6. HP: 31/49 MP: 6/6
  2264 | D:3      | Killed Robin
  2437 | D:3      | Noticed Natasha
  2453 | D:3      | Killed Natasha
  2862 | D:3      | Noticed Sigmund
  2872 | D:3      | Killed Sigmund
  2872 | D:3      | Reached skill level 5 in Fighting
  2872 | D:3      | Reached skill level 5 in Axes
  2872 | D:3      | Reached skill level 5 in Shields
  2872 | D:3      | Reached XP level 7. HP: 44/56 MP: 7/7
  3173 | D:4      | Found a staircase to the Ecumenical Temple.
  3182 | Temple   | Entered the Ecumenical Temple
  3456 | D:4      | HP: 13/56 [adder (3)]
  3459 | D:4      | HP: 6/56 [gnoll/club (3)]
  3464 | D:4      | HP: 5/56 [poisoned by an adder]
  3472 | D:4      | HP: 4/56 [poisoned by an adder]
  4296 | D:5      | Entered Level 5 of the Dungeon
  4333 | D:5      | Reached skill level 6 in Axes
  4333 | D:5      | Reached skill level 6 in Shields
  4333 | D:5      | Reached XP level 8. HP: 45/64 MP: 8/8
  4625 | D:5      | Found a runed door.
  4778 | D:5      | Found a shadowy altar of Dithmenos.
  4795 | D:5      | Found a hide-covered altar of Uskayaw.
  4850 | D:5      | You fall through a shaft for 3 floors!
  4858 | D:8      | Noticed HitlerSphincter's ghost (novice OpMo)
  4888 | D:8      | HP: 8/64 [HitlerSphincter's ghost (13)]
  4890 | D:8      | Slain by HitlerSphincter's ghost

Vault maps used:
D:1:      ldierk_walled_garden_2
D:2:      minmay_door_square
D:3:      uniq_sigmund, uniq_iyjb, uniq_robin, uniq_natasha
D:4:      first_bread, gup_sewer_entry_glass, nrook_loot_triangle,
          minmay_misc_feat_columns
D:5:      grunt_dithmenos_smoke, kennysheep_mini_moat, uniq_crazy_yiuf_cottage
D:8:      chequers_temple_overflow_minitemple, lair_entry_dummy, uniq_psyche
Temple:   regret_index_temple_waves

Skill      XL: |  1  2  3  4  5  6  7 |
---------------+----------------------+-----
Shields        | 4 5 6 |  6.4
Axes           | 3 4 5 6 |  6.4
Fighting       | 4 5 |  5.9
Armour         | |  3.2

Action                   |  1- 3 |  4- 6 |  7- 9 || total
-------------------------+-------+-------+-------++-------
Melee: War axe           |   108 |   194 |   126 ||   428
  Use: Potion            |       |     1 |     1 ||     2
       Scroll            |       |       |     5 ||     5
  Eat: Chunk             |       |     7 |     5 ||    12
       Pizza             |       |       |     1 ||     1
Armor: Scale mail        |    53 |    74 |    34 ||   161
Dodge: Dodged            |    36 |    57 |    40 ||   133
Block: Shield            |    70 |    95 |    67 ||   232

Vault maps used:
D:1:      ldierk_walled_garden_2
D:2:      minmay_door_square
D:3:      uniq_sigmund, uniq_iyjb, uniq_robin, uniq_natasha
D:4:      first_bread, gup_sewer_entry_glass, nrook_loot_triangle,
          minmay_misc_feat_columns
D:5:      grunt_dithmenos_smoke, kennysheep_mini_moat, uniq_crazy_yiuf_cottage
D:8:      chequers_temple_overflow_minitemple, lair_entry_dummy, uniq_psyche
Temple:   regret_index_temple_waves

Table legend:
 A = Turns spent in this place as a percentage of turns spent in the entire game.
 B = Non-inter-level travel turns spent in this place as a percentage of non-inter-level travel turns spent in the entire game.
 C = Inter-level travel turns spent in this place as a percentage of turns spent in this place.
 D = Turns resting spent in this place as a percentage of non-inter-level travel turns spent in this place.
 E = Turns spent auto-exploring this place as a percentage of non-inter-level travel turns spent in this place.
 F = Non-inter-level travel turns spent in this place divided by the number of levels of this place that you've seen.
                   A       B       C       D       E      F
               +-------+-------+-------+-------+-------+----------------------
         Total | 100.0 | 100.0 |   0.4 |   3.8 |   8.3 | 197.7
       Dungeon |  98.8 |  98.8 |   0.3 |   3.9 |   7.4 | 228.0
        Temple |   1.2 |   1.2 |   5.9 |   0.0 |  87.5 |  16.0
               +-------+-------+-------+-------+-------+----------------------

Table legend:
 A = Kills in this place as a percentage of kills in entire the game.
 B = Kills by you in this place as a percentage of kills by you in the entire game.
 C = Kills by friends in this place as a percentage of kills by friends in the entire game.
 D = Other kills in this place as a percentage of other kills in the entire game.
 E = Experience gained in this place as a percentage of experience gained in the entire game.
 F = Experience gained in this place divided by the number of levels of this place that you have seen.
                   A       B       C       D       E      F
               +-------+-------+-------+-------+-------+----------------------
         Total | 100.0 | 100.0 |  -nan |  -nan | 100.0 | 177.9
       Dungeon | 100.0 | 100.0 |  -nan |  -nan | 100.0 | 207.5
               +-------+-------+-------+-------+-------+----------------------
